 Dungeon Crawl Stone Soup version 0.31-a0-524-g2a164cf6a2 (webtiles) character file.

Game seed: 1393626437254875484

2669 AdnanSaban the Basher (level 9, -8/56 HPs)
             Began as a Gargoyle Fighter on Aug 12, 2023.
             Mangled by Duvessa
             ... wielding a +4 short sword of venom
              (12 damage)
             ... on level 6 of the Dungeon.
             The game lasted 00:07:51 (5583 turns).

AdnanSaban the Basher (Gargoyle Fighter)            Turns: 5583, Time: 00:07:51

Health: -8/56      AC:  8    Str: 24    XL:     9   Next: 63%
Magic:  9/9        EV: 18    Int:  9    God:
Gold:   252        SH:  0    Dex:  9    Spells: 8/8 levels left

rFire   . . .        a - melded +0 flail
rCold   . . .        c - melded +0 buckler
rNeg    + + +        n - melded +0 plate armour
rPois   ∞            g - melded +1 helmet
rElec   .            (cloak currently unavailable)
rCorr   .            h - melded +0 pair of gloves
SInv    +            v - melded +0 pair of boots
Will    .....        (no amulet)
Stlth   +            q - ring of see invisible
HPRegen 0.29/turn    (no ring)
MPRegen 0.11/turn

%: no passive effects
@: fungus-form (expiring), corroded
A: melee confuse, terrified, no casting, sickness immunity, AC +6, tiny,
negative energy resistance 1, (electricity resistance), torment resistance 1,
petrification resistance
a: no special abilities


You were on level 6 of the Dungeon.
You were a sentient fungus.
You visited 1 branch of the dungeon, and saw 6 of its levels.

You collected 252 gold pieces.

Inventory:

Hand Weapons
 a - a +0 flail (melded)
Missiles
 j - 7 boomerangs (quivered)
 r - 4 silver javelins
 s - 12 poisoned darts
Armour
 c - a +0 buckler (melded)
 g - a +1 helmet (melded)
 h - a +0 pair of gloves (melded)
 n - a +0 plate armour (melded)
 v - a +0 pair of boots (melded)
Jewellery
 q - a ring of see invisible (left hypha)
Scrolls
 b - 2 scrolls of teleportation {unknown}
 e - 5 scrolls of identify {unknown}
 f - a scroll of enchant armour {unknown}
 k - a scroll of enchant weapon {unknown}
 l - a scroll of amnesia {unknown}
 o - 3 scrolls of vulnerability {unknown}
 x - a scroll of torment {unknown}
Potions
 d - 2 potions of might
 i - a potion of magic {unknown}
 m - a potion of mutation {unknown}
 p - a potion of cancellation {unknown}
 t - a potion of haste {unknown}
 w - 2 potions of heal wounds {unknown}


   Skills:
 + Level 6.6 Fighting
 + Level 8.7 Maces & Flails
 + Level 2.1 Throwing
 + Level 6.7 Armour
 + Level 1.1 Dodging
 + Level 0.7 Stealth
 + Level 6.4 Shields


You had 8 spell levels left.
You didn't know any spells.
Your spell library contained the following spells:

 Spells                   Type           Power      Damage    Failure   Level
 Apportation              Tloc           0%         N/A       38%         1
 Frozen Ramparts          Ice            0%         1d1       77%         3
 Dispel Undead            Necr           0%         3d6       99%         4
 Petrify                  Tmut/Erth      0%         N/A       99%         4
 Alistair's Intoxication  Tmut/Pois      0%         N/A       100%        5
 Metabolic Englaciation   Hex/Ice        0%         N/A       100%        5
 Death Channel            Necr           0%         N/A       100%        6
 Cigotuvi's Dreadful Rot  Necr/Pois/Air  Unusable   N/A       N/A         2

Dungeon Overview and Level Annotations

Branches:
Dungeon (6/15)
 Temple: D:4-7

Altars:
Fedhas
Sif Muna

Shops:
D:4 *

Annotations:
D:3 2 transporters, MrAu's ghost, amateur FoFi
D:6 Dowan; Duvessa


Innate Abilities, Weirdness & Mutations

You are a sentient fungus.
You are tiny and evasive.
Your melee attack releases spores that confuse breathing creatures.
You become terrified and freeze when enemies are visible.
Your armour is entirely melded.
You are incapable of wielding weapons or throwing items.
You cannot cast spells.
You are immune to sickness and miasma.
((Your stone body is resilient. (AC +6)))
You are immune to poison.
You resist negative energy. (rN+)
((You are resistant to electric shocks. (rElec)))
You are resistant to unholy torment.
You are immune to petrification.


Message History

Duvessa completely misses you.
The acid dragon barely misses you. x2; Duvessa closely misses you.
Duvessa hits you but does no damage. The acid dragon bites you.
The acid dragon claws you.
You're too terrified to move while being watched!
You're too terrified to move while being watched!
You're too terrified to move while being watched!
The acid dragon misses you.
The acid dragon claws you but does no damage.
Duvessa hits you with a +4 short sword of venom.
The acid dragon misses you. The acid dragon closely misses you.
Dowan hits you but does no damage.
Your transformation is almost over.
Duvessa hits you with a +4 short sword of venom.
The acid dragon bites you! The acid dragon barely misses you.
Dowan hits you but does no damage.
The acid dragon bites you but does no damage.
The acid dragon closely misses you.
Duvessa hits you with a +4 short sword of venom.
Dowan closely misses you.
You're too terrified to move while being watched!
Duvessa closely misses you. The acid dragon spits acid at you.
The splash of acid hits you! The acid corrodes you!
Dowan hits you with a +0 dagger.
* * * LOW HITPOINT WARNING * * *
Duvessa hits you with a +4 short sword of venom!
* * * LOW HITPOINT WARNING * * *
The acid dragon bites you but does no damage.
The acid dragon claws you but does no damage.
Dowan points at Duvessa and mumbles some strange words.
Duvessa seems to speed up.
You're too terrified to move while being watched!
Unknown command.
Duvessa hits you with a +4 short sword of venom.
* * * LOW HITPOINT WARNING * * *
Dowan barely misses you. The acid dragon misses you. x2
Duvessa closely misses you.
Duvessa hits you with a +4 short sword of venom!
You die...

##.....#..#......#######.....÷
##..#...........## #......
..#.#.....# #......
.##.#)....######......
#.#........................(..
..#...........................
#...............#######......
##.....#####.................
##..........Dfe..##########...
........#####e...# #.........#
#....#####.#..###.........#
#.#.e......##.............#
##.....÷."...#####.........# #
##.............## #..........
#...............###..........
#...........................#
#........[......###.........#


You could see Duvessa (fast), an acid dragon (catching breath) and Dowan.

Vanquished Creatures
  Grinder (D:3)
  Prince Ribbit (D:5)
  A steam dragon (D:6)
  2 black bears
  2 ice beasts (D:6)
  A sky beast (D:6)
  2 ogres
  A phantom (D:4)
  2 bullfrogs (D:6)
  2 necrophages (D:4)
  8 scorpions
  A howler monkey (D:3)
  A jelly (D:5)
  A gnoll bouda (D:5)
  3 hounds
  An iguana (D:5)
  3 orc priests (D:5)
  4 sleepcaps
  Terence (D:2)
  An orc wizard (D:4)
  Robin (D:3)
  9 adders
  9 gnolls
  A shadow imp (D:6)
  An ufetubus (D:5)
  An adder zombie (D:4)
  A worm (D:2)
  2 dart slugs
  15 orcs
  3 endoplasms
  2 giant cockroaches
  11 goblins
  8 hobgoblins
  3 jackals (D:3)
  10 kobolds
  3 quokkas
  4 ball pythons
  3 bats
  3 frilled lizards
  8 rats
137 creatures vanquished.

Notes
Turn   | Place    | Note
-------+----------+-------------------------------------------
     0 | D:1      | AdnanSaban the Gargoyle Fighter began the quest for the
                  | Orb.
     0 | D:1      | Reached XP level 1. HP: 14/14 MP: 1/1
   224 | D:1      | Reached XP level 2. HP: 17/19 MP: 2/2
   396 | D:1      | Found a faded altar of an unknown god.
   973 | D:2      | Reached XP level 3. HP: 23/23 MP: 3/3
  1545 | D:3      | Noticed Terence
  1578 | D:2      | Killed Terence
  1580 | D:2      | Reached XP level 4. HP: 16/28 MP: 4/4
  1652 | D:3      | Noticed Grinder
  1682 | D:3      | Killed Grinder
  1683 | D:3      | Reached skill level 4 in Maces & Flails
  1683 | D:3      | Reached XP level 5. HP: 15/33 MP: 5/5
  1683 | D:3      | Reached XP level 6. HP: 17/38 MP: 6/6
  2072 | D:3      | Found a transporter.
  2072 | D:3      | Noticed MrAu's ghost (amateur FoFi)
  2081 | D:3      | Noticed Robin
  2106 | D:3      | Killed Robin
  2132 | D:3      | Found a transporter.
  2535 | D:3      | Reached XP level 7. HP: 34/44 MP: 7/7
  2585 | D:4      | Reached skill level 5 in Maces & Flails
  2663 | D:4      | Found Yffabb's General Store.
  2774 | D:4      | Reached skill level 5 in Armour
  2997 | D:4      | Reached skill level 5 in Fighting
  3152 | D:4      | Reached skill level 5 in Shields
  3170 | D:4      | Reached XP level 8. HP: 24/49 MP: 8/8
  3276 | D:4      | Reached skill level 6 in Maces & Flails
  3373 | D:4      | Found a blossoming altar of Fedhas.
  3725 | D:5      | Entered Level 5 of the Dungeon
  3725 | D:5      | Noticed Prince Ribbit
  3835 | D:4      | Reached skill level 7 in Maces & Flails
  4083 | D:5      | Killed Prince Ribbit
  4257 | D:4      | Reached skill level 1 in Throwing
  4492 | D:5      | Found a shimmering blue altar of Sif Muna.
  4531 | D:5      | Reached XP level 9. HP: 55/55 MP: 9/9
  4775 | D:5      | Reached skill level 1 in Dodging
  4927 | D:6      | Noticed Duvessa
  4927 | D:6      | Noticed Dowan
  5107 | D:6      | Reached skill level 8 in Maces & Flails
  5583 | D:6      | Mangled by Duvessa

Illustrated notes

Levels and vault maps discovered:
D:1:      dpeg_arrival_tiny_a, layout_loops_ring,
          ebering_ecumenical_altar_abandoned, nicolae_kite_square_tiling_tiny
D:2:      layout_basic
D:3:      layout_loops_ring, gammafunk_ghost_mausoleum, uniq_grinder,
          uniq_terence, uniq_robin
D:4:      minmay_bubble_buster, layout_cave_pods, fedhas_altar_decomposition,
          serial_shops, nicolae_shop_rolling_square
D:5:      layout_gridville, led_sif_pool, uniq_prince_ribbit1
D:6:      layout_rooms, uniq_duvessa, uniq_menkaure

Skill      XL: |  1  2  3  4  5  6  7  8  9 |
---------------+----------------------------+-----
Fighting       | 4 5 6 |  6.6
Maces & Flails | 4 5 7 8 |  8.7
Armour         | 4 5 6 |  6.7
Shields        | 4 5 6 |  6.4
Throwing       | 1 2 |  2.1
Dodging        | 1 |  1.1
Stealth        | |  0.7

Action                     |  1- 3 |  4- 6 |  7- 9 || total
---------------------------+-------+-------+-------++-------
  Melee: Flail             |   111 |   156 |   381 ||   648
  Throw: Boomerang         |       |     2 |    17 ||    19
 Armour: Scale mail        |    47 |       |       ||    47
         Plate armour      |    17 |   140 |   356 ||   513
         Skin              |       |       |     7 ||     7
  Dodge: Dodged            |    60 |    51 |   133 ||   244
  Block: Buckler           |    23 |    49 |   103 ||   175

Table legend: (Time is in decaauts)
 A = Elapsed time spent in this place.
 B = Non-inter-level travel time spent in this place.
 C = Inter-level travel time spent in this place.
 D = Time resting spent in this place.
 E = Time spent auto-exploring this place.
 F = Levels seen in this place.
 G = Mean time per level.
                   A        B        C        D        E       F      G
               +--------+--------+--------+--------+--------+-----+--------+
         Total |   5696 |   5344 |    352 |    352 |   3616 |   6 |  949.3 |
       Dungeon |   5696 |   5344 |    352 |    352 |   3616 |   6 |  949.3 |
               +--------+--------+--------+--------+--------+-----+--------+

Top non-repeatable levels by time:
     D:4: 1432 daAuts
     D:5: 1065 daAuts
     D:3: 1029 daAuts
     D:2: 854 daAuts
     D:1: 770 daAuts
     D:6: 543 daAuts
